 Dungeon Crawl Stone Soup version 0.23-a0-119-ga86c9e7 (webtiles) character file.

1096 Amnesiac the Gusty (level 8, -2/52 HPs)
             Began as a Mummy Air Elementalist on Aug 24, 2018.
             Was an Initiate of Dithmenos.
             Slain by a two-headed ogre zombie (11 damage)
             ... animated by the malice of Kikubaaqudgha
             ... on level 6 of the Dungeon.
             The game lasted 00:09:30 (5064 turns).

Amnesiac the Gusty (Mummy Air Elementalist)         Turns: 5064, Time: 00:09:31

Health: -2/52      AC: 10    Str: 11    XL:     8   Next: 10%
Magic:  1/27       EV: 11    Int: 16    God:    Dithmenos [......]
Gold:   195        SH:  0    Dex: 13    Spells: 13/20 levels left

rFire    . . .     SeeInvis .   a - +1 whip (elec)
rCold    + . .     Gourm    .   (no shield)
rNeg     + + +     Faith    .   o - +3 leather armour
rPois    ∞         Spirit   .   h - +0 helmet
rElec    .         Reflect  .   (no cloak)
rCorr    .         Harm     .   (no gloves)
MR       +....                  q - +2 pair of boots
Stlth    ++........             (no amulet)
HPRegen  0.17/turn              g - ring of magical power
MPRegen  0.20/turn              l - ring of protection from fire

@: no status effects
A: no food or potions, fire vulnerability, cold resistance 1, negative energy
resistance 3, torment resistance, unbreathing
a: Renounce Religion


You were on level 6 of the Dungeon.
You worshipped Dithmenos.
Dithmenos was noncommittal.
You were not hungry.

You visited 1 branch of the dungeon, and saw 6 of its levels.

You collected 195 gold pieces.

Inventory:

Hand Weapons
 a - a +1 whip of electrocution (weapon)
 d - a +1 dagger of protection
Armour
 h - a +0 helmet (worn)
 o - a +3 leather armour (worn)
 q - a +2 pair of boots (worn)
Jewellery
 g - a ring of magical power (left hand)
 l - a ring of protection from fire (right hand)
Wands
 p - a wand of acid (7)
Scrolls
 b - a scroll of summoning {!r}
 c - a scroll of blinking {!r, unknown}
 e - a scroll of immolation {!r}
 f - 6 scrolls of teleportation {!r}
 i - 3 scrolls of enchant armour {!r}
 j - 3 scrolls of remove curse {!r}
 k - 5 scrolls of identify {!r}
 m - a scroll of enchant weapon {!r}
 n - a scroll of magic mapping {!r}


   Skills:
 - Level 1.5 Dodging
 - Level 1.5 Stealth
 + Level 6.9 Spellcasting
 - Level 0.7 Conjurations
 * Level 7.0 Air Magic


You had 13 spell levels left.
You knew the following spells:

 Your Spells              Type           Power        Failure   Level  Hunger
a - Shock                 Conj/Air       ###.         3%          1    N/A
d - Airstrike             Air            ####......   9%          4    N/A
z - Swiftness             Chrm/Air       ###.....     6%          2    N/A

Your spell library contained the following spells:

 Spells                   Type           Power        Failure   Level  Hunger
 Static Discharge         Conj/Air       ###.....     10%         3    N/A
 Animate Skeleton         Necr           N/A          17%         1    N/A
 Pain                     Necr           #...         17%         1    N/A
 Corpse Rot               Necr           N/A          26%         2    N/A
 Vampiric Draining        Necr           #.........   45%         3    N/A
 Lightning Bolt           Conj/Air       ###.......   67%         5    N/A
 Agony                    Necr           #.......     99%         5    N/A
 Dispel Undead            Necr           #.......     99%         5    N/A
 Excruciating Wounds      Chrm/Necr      #.........   99%         5    N/A
 Death Channel            Necr           #.........   100%        6    N/A
 Simulacrum               Ice/Necr       #.........   100%        6    N/A

Dungeon Overview and Level Annotations

Branches:
Dungeon (6/15)
 Temple: D:4-7

Altars:
Ashenzari
Dithmenos
Fedhas
Gozag
Kikubaaqudgha
Nemelex Xobeh
Yredelemnul


Innate Abilities, Weirdness & Mutations

You do not eat or drink.
Your flesh is vulnerable to fire.
You are immune to poison.
Your flesh is cold resistant. (rC+)
You are immune to negative energy. (rN+++)
You are immune to unholy pain and torment.
You can survive without breathing.


Message History

The ogre zombie is almost destroyed.
The zap hits the two-headed ogre zombie.
The two-headed ogre zombie is almost destroyed.
The ogre zombie closely misses you.
Unknown command.
Casting: Shock (safe; 3% risk of failure)
Confirm with . or Enter, or press ? or * to list all spells.
You don't have enough magic to cast that spell.
You hit the ogre zombie.
The ogre zombie is almost destroyed.
The ogre zombie closely misses you.
You hit the ogre zombie.
Lightning courses through the ogre zombie!
You destroy the ogre zombie!
That felt strangely unrewarding.
Casting: Shock (safe; 3% risk of failure)
Confirm with . or Enter, or press ? or * to list all spells.
You don't have enough magic to cast that spell.
You barely miss the yak zombie. The yak zombie barely misses you.
Casting: Shock (safe; 3% risk of failure)
Confirm with . or Enter, or press ? or * to list all spells.
Aiming: Shock (safe; 3% risk of failure)
Press: ? - help, Shift-Dir - straight line, f/p - two-headed ogre zombie
Aim: a two-headed ogre zombie (almost destroyed)
The zap hits the yak zombie.
The yak zombie is lightly damaged.
The zap hits the two-headed ogre zombie.
The two-headed ogre zombie is almost destroyed.
The yak zombie gores you.
Unknown command.
You hit the yak zombie.
Lightning courses through the yak zombie!
The yak zombie is moderately damaged.
The yak zombie gores you!
* * * LOW HITPOINT WARNING * * *
You hit the yak zombie.
The yak zombie is moderately damaged.
The yak zombie barely misses you.
Casting: Shock (safe; 3% risk of failure)
Confirm with . or Enter, or press ? or * to list all spells.
Aiming: Shock (safe; 3% risk of failure)
Press: ? - help, Shift-Dir - straight line, f/p - two-headed ogre zombie
Aim: a two-headed ogre zombie (almost destroyed)
The zap hits the yak zombie.
The yak zombie is heavily damaged.
The zap hits the two-headed ogre zombie.
The two-headed ogre zombie is almost destroyed.
The yak zombie barely misses you.
You hit the yak zombie.
The yak zombie is heavily damaged.
The yak zombie misses you.
You hit the yak zombie.
Lightning courses through the yak zombie!
The yak zombie is severely damaged.
You hit the yak zombie.
Lightning courses through the yak zombie!
You destroy the yak zombie!
That felt strangely unrewarding.
You hit the two-headed ogre zombie but do no damage.
The two-headed ogre zombie is almost destroyed.
The two-headed ogre zombie hits you!
* * * LOW HITPOINT WARNING * * *
The two-headed ogre zombie hits you!
You die...

.......# ......# .....#
....# . ...# ... ..#
....#######+#.#
#....#........#...#.#
#....#.......@Z...'.#
#....#....##..##..#.#
#....#...<##..##..#.#
#....#....+.......'.#
####....#....##......#.#
........#....##..##.>#.#
........'....##<.##..#.#
........#........##+##.#
........#........#.....#


You could see a two-headed ogre zombie.

Vanquished Creatures
  A water moccasin (D:6)
  3 ogres
  A hippogriff skeleton (D:5)
  A scorpion (D:5)
  A yak zombie (D:6)
  A howler monkey (D:5)
  A bullfrog zombie (D:5)
  A crimson imp (D:5)
  3 hounds
  A jelly (D:5)
  2 orc priests
  2 bullfrog skeletons (D:5)
  An orc wizard (D:4)
  5 worker ants
  An ogre zombie (D:6)
  An ogre skeleton (D:5)
  A hound skeleton (D:5)
  3 gnolls (D:5)
  A scorpion zombie (D:5)
  10 adders
  3 oozes
  An adder zombie (D:5)
  An adder skeleton (D:5)
  3 worms (D:2)
  7 dart slugs
  4 leopard geckos
  18 orcs
  6 giant cockroaches
  7 goblins
  10 hobgoblins
  7 jackals (D:2)
  6 kobolds
  2 quokkas (D:2)
  9 bats
  4 frilled lizards
  A leopard gecko skeleton (D:4)
  2 orc skeletons (D:5)
  An orc zombie (D:5)
  3 rats
136 creatures vanquished.

Vanquished Creatures (others)
  2 fungi (D:5)
2 creatures vanquished.

Grand Total: 138 creatures vanquished

Notes
Turn   | Place    | Note
-------+----------+-------------------------------------------
     0 | D:1      | Amnesiac the Mummy Air Elementalist began the quest for the Orb.
     0 | D:1      | Reached XP level 1. HP: 13/13 MP: 4/4
   253 | D:2      | Reached XP level 2. HP: 19/19 MP: 2/5
   306 | D:2      | Reached skill level 3 in Air Magic
   310 | D:2      | Learned a level 2 spell: Swiftness
   359 | D:2      | Found a sparkling altar of Nemelex Xobeh.
   359 | D:2      | Found an ancient bone altar of Kikubaaqudgha.
   364 | D:2      | Became a worshipper of Kikubaaqudgha
   540 | D:1      | Reached XP level 3. HP: 16/24 MP: 0/7
  1053 | D:2      | Reached XP level 4. HP: 25/30 MP: 2/9
  1099 | D:2      | Learned a level 4 spell: Airstrike
  1154 | D:2      | Reached * piety under Kikubaaqudgha
  1154 | D:2      | Identified Kikubaaqudgha's Catalogue of Black Rites (Kikubaaqudgha gifted it to you on level 2 of the Dungeon)
  1154 | D:2      | Received a gift from Kikubaaqudgha
  1986 | D:3      | Reached skill level 4 in Air Magic
  2023 | D:3      | Found a shadowy altar of Dithmenos.
  2219 | D:3      | Reached XP level 5. HP: 33/35 MP: 11/11
  2799 | D:3      | Reached ** piety under Kikubaaqudgha
  3364 | D:4      | Reached XP level 6. HP: 37/41 MP: 13/13
  3395 | D:4      | Reached skill level 5 in Air Magic
  3419 | D:4      | Reached skill level 5 in Spellcasting
  3858 | D:5      | Entered Level 5 of the Dungeon
  3864 | D:5      | Reached XP level 7. HP: 46/46 MP: 15/15
  3890 | D:5      | Reached skill level 6 in Air Magic
  3914 | D:5      | Found a basalt altar of Yredelemnul.
  3962 | D:5      | Found a shattered altar of Ashenzari.
  4019 | D:5      | Reached *** piety under Kikubaaqudgha
  4019 | D:5      | Identified Kikubaaqudgha's Reference Book on Stolen Souls (Kikubaaqudgha gifted it to you on level 5 of the Dungeon)
  4019 | D:5      | Received a gift from Kikubaaqudgha
  4020 | D:5      | Fell from the grace of Kikubaaqudgha
  4025 | D:5      | Found an opulent altar of Gozag.
  4078 | D:3      | Became a worshipper of Dithmenos the Shadowed
  4184 | D:5      | Found a blossoming altar of Fedhas.
  4731 | D:5      | Noticed a soul eater
  4927 | D:6      | Reached skill level 7 in Air Magic
  4927 | D:6      | Reached XP level 8. HP: 52/52 MP: 6/18
  5064 | D:6      | Slain by a two-headed ogre zombie

Vault maps used:
D:1:      mrwooster_arrival_statue_2
D:2:      gammafunk_temple_overflow_statue
D:3:      nicolae_dithmenos_shadow_blocks, first_ration,
          minmay_misc_feat_rugged, nicolae_underground_beach
D:5:      kennysheep_mini_moat, nicolae_overflow_hidden_temple,
          lemuel_doored_altar, fedhas_altar_3
D:6:      wad_lake_hut, minmay_crystal_water

Skill      XL: |  1  2  3  4  5  6  7 |
---------------+----------------------+-----
Air Magic      | 3 4 5 7 |  7.0
Spellcasting   | 3 4 5 6 |  6.9
Dodging        | |  1.5
Stealth        | |  1.5
Conjurations   | |  0.7

Action                   |  1- 3 |  4- 6 |  7- 9 || total
-------------------------+-------+-------+-------++-------
Melee: Unarmed           |    37 |       |       ||    37
       Short sword       |    13 |    11 |       ||    24
       Whip              |       |    48 |    16 ||    64
 Cast: Shock             |    66 |   131 |    98 ||   295
       Airstrike         |       |     8 |    15 ||    23
Invok: Renounce Religion |       |       |     1 ||     1
  Use: Scroll            |       |     7 |     2 ||     9
 Stab: Sleeping          |       |     1 |       ||     1
Armor: Robe              |    10 |    22 |       ||    32
       Leather armour    |    11 |    13 |    28 ||    52
Dodge: Dodged            |    65 |    65 |    43 ||   173

Table legend:
 A = Non-vault XP
 B = Vault XP
 C = Vault XP percentage of total XP
 D = Non-vault monster count
 E = Vault monster count
 F = Vault count percentage of total count
                 A         B        C        D         E       F
            +---------+---------+-------+---------+---------+-------
      Total |    1566 |       0 |   0.0 |     123 |       0 |   0.0
            +---------+---------+-------+---------+---------+-------
        D:1 |      53 |       0 |   0.0 |      21 |       0 |   0.0
        D:2 |      89 |       0 |   0.0 |      28 |       0 |   0.0
        D:3 |     109 |       0 |   0.0 |      29 |       0 |   0.0
        D:4 |     465 |       0 |   0.0 |      23 |       0 |   0.0
        D:5 |     703 |       0 |   0.0 |      21 |       0 |   0.0
        D:6 |     147 |       0 |   0.0 |       1 |       0 |   0.0
            +---------+---------+-------+---------+---------+-------
